 Dungeon Crawl Stone Soup version 0.17-a0-1550-g78a4890 (webtiles) character file.

2160 Geomchi the Nimble (level 9, -1/45 HPs)
             Began as a Deep Elf Conjurer on July 19, 2015.
             Was a Follower of Vehumet.
             Slain by kaze's ghost (6 damage)
             ... on level 6 of the Dungeon.
             The game lasted 00:12:59 (9420 turns).

Geomchi the Nimble (Deep Elf Conjurer)              Turns: 9420, Time: 00:12:59

Health: -1/45      AC:  4    Str:  5    XL:     9   Next: 10%
Magic:  0/23       EV: 17    Int: 24    God:    Vehumet [*.....]
Gold:   269        SH:  0    Dex: 15    Spells: 3 memorised, 14 levels left

rFire  . . .     SeeInvis .     n - +0 whip
rCold  . . .     Clarity  .     a - +0 robe
rNeg   . . .     SustAt   .     (no shield)
rPois  .         Gourm    .     i - +0 helmet
rElec  .         Spirit   .     (no cloak)
rCorr  .         Warding  .     h - +0 pair of gloves
rMut   .         Stasis   .     (no boots)
MR     .....                    (no amulet)
Stlth  ++........               (no ring)
                                (no ring)

@: very slightly contaminated, hasted, very quick, not resistant to hostile
enchantments, unstealthy
A: no striking features
a: Renounce Religion


You were on level 6 of the Dungeon.
You worshipped Vehumet.
Vehumet was aware of your devotion.
You were hungry.

You visited 2 branches of the dungeon, and saw 7 of its levels.

You collected 269 gold pieces.

Inventory:

Hand weapons
 n - a +0 whip (weapon)
Armour
 a - a +0 robe (worn)
 h - a +0 pair of gloves (worn)
 i - a +0 helmet (worn)
Jewellery
 y - the brooch of Shielding {Ward rN+ AC+4 EV+4}
   (You found it on level 4 of the Dungeon)

   [amulet of warding]

   It may prevent the melee attacks of summoned creatures.
   It affects your AC (+4).
   It affects your evasion (+4).
   It protects you from negative energy.
Magical devices
 c - a wand of magic darts (41)
Scrolls
 d - 2 scrolls of remove curse
 f - a scroll of identify {unknown}
 l - 2 scrolls of amnesia {unknown}
 q - a scroll of teleportation {unknown}
 r - a scroll of fear {unknown}
 s - 2 scrolls of recharging {unknown}
 t - a scroll of random uselessness {unknown}
 z - a scroll of blinking {unknown}
 A - 3 scrolls of enchant weapon {unknown}
Potions
 e - 2 potions of heal wounds {unknown}
 g - a potion of haste
 j - 2 potions of magic
 k - 2 potions of invisibility {unknown}
 m - a potion of might {unknown}
 o - 3 potions of lignification {unknown}
 u - 2 potions of poison {unknown}
 w - a potion of flight {unknown}
 x - a potion of resistance {unknown}
 B - a potion of curing {unknown}
Books
 b - a book of Conjurations

   Spells                             Type                      Level
   a - Magic Dart                     Conjuration                  1
   b - Searing Ray                    Conjuration                  2
   c - Dazzling Spray                 Conjuration/Hexes            3
   d - Fulminant Prism                Conjuration/Hexes            4
   e - Iskenderun's Mystic Blast      Conjuration                  4
   f - Iskenderun's Battlesphere      Conjuration/Charms           5
Comestibles
 p - 3 beef jerkies
 v - 2 meat rations {@e2}


   Skills:
 + Level 8.7 Dodging
 - Level 2.4 Stealth
 - Level 8.1 Spellcasting
 - Level 8.1 Conjurations
 - Level 7.0 Charms


You had 14 spell levels left.
You knew the following spells:

 Your Spells              Type           Power        Failure   Level  Hunger
a - Magic Dart            Conj           ####         1%          1    None
b - Iskenderun's Mystic   Conj           #####...     2%          4    ##.....
m - Iskenderun's Battles  Conj/Chrm      #####...     10%         5    #####..


Dungeon Overview and Level Annotations

Branches:
Dungeon (6/15)             Temple (1/1) D:5

Altars:
Ashenzari
Cheibriados
Dithmenos
Elyvilon
Fedhas
Gozag
Kikubaaqudgha
Makhleb
Nemelex Xobeh
Okawaru
Qazlal
Ru
Sif Muna
Trog
Vehumet
Xom
Yredelemnul
Zin
The Shining One

Annotations:
D:6 kaze's ghost, experienced MfFi


Message History

* * * LOW HITPOINT WARNING * * *
You take 16 damage, and have 5/45 hp.
MASSIVE DAMAGE!!
You don't have enough magic to cast that spell.
Unknown command.
You don't have enough magic to cast that spell.
Unknown command.
Unknown command.
Aim: kaze's ghost (almost destroyed)
The magic dart hits kaze's ghost.
The ooze barely misses you.
You now have 1/23 mp.
Aim: kaze's ghost (almost destroyed)
The magic dart hits kaze's ghost.
Kaze's ghost closely misses you. The ooze closely misses you.
Aim: kaze's ghost (almost destroyed)
The magic dart hits kaze's ghost.
Kaze's ghost misses you.
You now have 0/23 mp.
You hit the ooze but do no damage. Kaze's ghost closely misses you.
You barely miss the slime creature. You barely miss the slime creature.
Kaze's ghost hits you.
You die...

### #..# ##..## #....#
#### #....# ..#
###....# #.#
####......#
#.####....#....#
#.JW@JJ..###..##
#..###........# #######
#.####....#####
##..<..###..##.....##
##...................#
#............##.....##
#..............###...##
###.#(........###....#
#.#.#......####....#


You could see a slime creature, kaze's ghost and 2 oozes.

Vanquished Creatures
  A hill giant (D:6)
  Menkaure (D:5)
  Duvessa (D:5)
  2 ice beasts (D:5)
  An ogre (D:5)
  A centaur (D:4)
  Dowan (D:5)
  2 hounds
  A quasit (D:3)
  5 crimson imps
  8 jellies
  2 orc priests
  3 orc wizards
  A centaur skeleton (D:5)
  4 worker ants
  Natasha (thrice) (D:2)
  4 gnolls (D:5)
  6 adders
  A shadow imp (D:5)
  11 oozes
  2 worms
  6 giant geckos
  18 orcs
  4 ball pythons
  13 bats
  A bat skeleton (D:5)
  8 giant cockroaches
  19 goblins
  12 hobgoblins
  10 kobolds
  2 quokkas
  A giant gecko skeleton (D:5)
  4 giant newts
  9 jackals
  16 rats
  A butterfly (D:5)
185 creatures vanquished.

Vanquished Creatures (others)
  7 fungi (D:6)
7 creatures vanquished.

Grand Total: 192 creatures vanquished

Notes
Turn   | Place    | Note
--------------------------------------------------------------
     0 | D:1      | Geomchi the Deep Elf Conjurer began the quest for the Orb.
     0 | D:1      | Reached XP level 1. HP: 10/10 MP: 6/6
   232 | D:1      | Reached XP level 2. HP: 15/15 MP: 2/8
   822 | D:1      | Reached skill level 5 in Conjurations
   950 | D:1      | Reached XP level 3. HP: 19/19 MP: 7/10
  1153 | D:1      | You fall through a shaft!
  2102 | D:2      | Found a sparkling altar of Nemelex Xobeh.
  2102 | D:2      | Found a white marble altar of Elyvilon.
  2103 | D:2      | Found a shimmering altar of Xom.
  2386 | D:2      | Reached XP level 4. HP: 24/24 MP: 7/12
  2394 | D:2      | Learned a level 4 spell: Iskenderun's Mystic Blast
  2978 | D:2      | Noticed Natasha
  2979 | D:2      | Killed Natasha
  3244 | D:2      | Noticed Natasha
  3246 | D:2      | Killed Natasha
  3246 | D:2      | Reached skill level 5 in Spellcasting
  3423 | D:2      | Noticed Natasha
  3424 | D:2      | Killed Natasha
  3481 | D:3      | Reached skill level 6 in Conjurations
  3481 | D:3      | Reached XP level 5. HP: 28/28 MP: 7/14
  3730 | D:3      | Learned a level 5 spell: Iskenderun's Battlesphere
  3764 | D:3      | Reached skill level 1 in Charms
  4527 | D:3      | Found a glowing golden altar of the Shining One.
  4712 | D:4      | Found a shattered altar of Ashenzari.
  4887 | D:4      | Reached XP level 6. HP: 32/32 MP: 14/16
  5183 | D:4      | Found an iron altar of Okawaru.
  5187 | D:4      | Found a snail-covered altar of Cheibriados.
  6266 | D:5      | Entered Level 5 of the Dungeon
  6289 | D:5      | Reached skill level 7 in Conjurations
  6289 | D:5      | Reached XP level 7. HP: 36/36 MP: 6/18
  7065 | D:5      | Reached skill level 5 in Charms
  7406 | D:5      | Noticed Duvessa
  7410 | D:5      | Noticed Dowan
  7535 | D:5      | Killed Duvessa
  7535 | D:5      | Reached skill level 8 in Conjurations
  7535 | D:5      | Reached XP level 8. HP: 41/41 MP: 5/21
  7539 | D:5      | Killed Dowan
  7925 | D:5      | Noticed Menkaure
  7929 | D:5      | Killed Menkaure
  8092 | D:5      | Found a staircase to the Ecumenical Temple.
  8101 | Temple   | Entered the Ecumenical Temple
  8148 | Temple   | Became a worshipper of Vehumet
  8841 | D:6      | Reached skill level 5 in Dodging
  8883 | D:6      | Noticed a hill giant
  8890 | D:6      | Killed a hill giant
  9030 | D:6      | Reached XP level 9. HP: 45/45 MP: 12/23
  9039 | D:6      | Acquired Vehumet's first power
  9039 | D:6      | Offered knowledge of Flame Tongue by Vehumet.
  9397 | D:6      | Noticed kaze's ghost (experienced MfFi)
  9410 | D:6      | Noticed a slime creature
  9420 | D:6      | Slain by kaze's ghost

Vault maps used:
D:1:      eino_arrival_tree_alley
D:2:      nicolae_overflow_hidden_temple, uniq_natasha
D:3:      nicolae_tso_swordbearing_angel
D:4:      minitemple, first_bread, ashenzari_altar_1
D:5:      minmay_temple_entry_butterflies, serial_glass, glass_columns_b,
          glass_columns_a, glass_columns_a, glass_columns_a, uniq_menkaure,
          uniq_duvessa
D:6:      lemuel_slime
Temple:   circular_temple_13

Action                   |  1- 3 |  4- 6 |  7- 9 || total
-------------------------+-------+-------+-------++-------
Melee: Whip              |       |     4 |     9 ||    13
 Cast: Magic Dart        |    94 |   157 |   207 ||   458
       Iskenderun's Myst |       |    12 |    20 ||    32
       Iskenderun's Batt |       |       |     5 ||     5
  Use: Potion            |       |       |     3 ||     3
       Scroll            |       |       |     1 ||     1
  Eat: Chunk             |     3 |    10 |     8 ||    21
       Bread ration      |     1 |       |     1 ||     2
